| TOP OF THE 1ST |
|
El Paso Chihuahuas batting - Pitching for Amarillo Gold Sox : RHP Stew Cliburn
|
|
Pitching: RHP Stew Cliburn
|
|
|
Batting: LHB Mike Cole
|
0-0: Called Strike 0-1: Swinging Strike 0-2: Ball 1-2: Foul Ball, location: 2F 1-2: Ball 2-2: Ball 3-2: Foul Ball, location: 2F 3-2: Base on Balls
|
|
Batting: RHB Dick C Schofield
|
0-0: Called Strike 0-1: Foul Ball, location: 2F 0-2: Fly out, F5 (Popup, 56, EV 72.5 MPH)
|
|
Batting: LHB Andy Van Slyke
|
0-0: SINGLE (Line Drive, 7LM, EV 109.4 MPH) Mike Cole to second
|
|
Batting: LHB Robert Schuster
|
0-0: Foul Ball, location: 2F 0-1: Ball 1-1: Foul Ball, location: 2F 1-2: Foul Ball, location: 2F 1-2: Fly out, F8 (Flyball, 8RXD, EV 107.5 MPH) Runner from 2nd tags up, SAFE at 3rd, no throw by CF
|
|
Batting: RHB Steven Murray
|
0-0: Ball 1-0: Swinging Strike 1-1: Ball 2-1: Foul Ball, location: 2F 2-2: Foul Ball, location: 2F 2-2: Ball 3-2: Fly out, F9 (Flyball, 9, EV 91.3 MPH)
|
| Top of the 1st over - 0 runs, 1 hit, 0 errors, 2 left on base; El Paso 0 - Amarillo 0 |
| BOTTOM OF THE 1ST |
|
Amarillo Gold Sox batting - Pitching for El Paso Chihuahuas : LHP Danny Arizola
|
|
Pitching: LHP Danny Arizola
|
|
|
Batting: SHB Mike Felder
|
0-0: Called Strike 0-1: Ball 1-1: Ball 2-1: Ball 3-1: Foul Ball, location: 2F 3-2: Base on Balls
|
|
Batting: RHB J.P. Pierson
|
0-0: Ball Mike Felder is caught stealing 2nd base 2-4 1-0: Ball 2-0: Ball 3-0: Base on Balls
|
|
Batting: RHB Todd Smith
|
0-0: Called Strike 0-1: Grounds into double play, 4-6-3 (Groundball, 34, EV 83.1 MPH)
|
| Bottom of the 1st over - 0 runs, 0 hits, 0 errors, 0 left on base; El Paso 0 - Amarillo 0 |
| TOP OF THE 2ND |
|
El Paso Chihuahuas batting - Pitching for Amarillo Gold Sox : RHP Stew Cliburn
|
|
Batting: LHB Dan Murphy
|
0-0: Ball 1-0: Foul Ball, location: 2F 1-1: Fly out, F9 (Line Drive, 9D, EV 91.9 MPH)
|
|
Batting: SHB Jose Moreno
|
0-0: Ball 1-0: Called Strike 1-1: Ground out U3 (Groundball, 34, EV 84.4 MPH)
|
|
Batting: RHB Darnell Coles
|
0-0: Ball 1-0: Foul Ball, location: 2F 1-1: Ball 2-1: Foul Ball, location: 2F 2-2: Ground out 6-3 (Groundball, 6M, EV 93.1 MPH)
|
| Top of the 2nd over - 0 runs, 0 hits, 0 errors, 0 left on base; El Paso 0 - Amarillo 0 |
| BOTTOM OF THE 2ND |
|
Amarillo Gold Sox batting - Pitching for El Paso Chihuahuas : LHP Danny Arizola
|
|
Batting: RHB Adam Veldman
|
0-0: Foul Ball, location: 2F 0-1: Ball 1-1: Fly out, F9 (Line Drive, 9D, EV 90.0 MPH)
|
|
Batting: LHB Hector Arroyo
|
0-0: Ground out U3 (Groundball, 3, EV 103.8 MPH)
|
|
Batting: RHB Vic Alvarado
|
0-0: Called Strike 0-1: Swinging Strike 0-2: Strikes out swinging
|
| Bottom of the 2nd over - 0 runs, 0 hits, 0 errors, 0 left on base; El Paso 0 - Amarillo 0 |
| TOP OF THE 3RD |
|
El Paso Chihuahuas batting - Pitching for Amarillo Gold Sox : RHP Stew Cliburn
|
|
Batting: RHB Barry Brunenkant
|
0-0: Ball 1-0: Called Strike 1-1: Foul Ball, location: 2F 1-2: Fly out, F3 (Popup, 23F, EV 86.3 MPH)
|
|
Batting: LHB Mike Cole
|
0-0: Called Strike 0-1: Ball 1-1: Ball 2-1: Ground out 6-3 (Groundball, 6, EV 86.9 MPH)
|
|
Batting: RHB Dick C Schofield
|
0-0: Called Strike 0-1: Ball 1-1: Ball 2-1: Ball 3-1: Called Strike 3-2: SINGLE (Groundball, 6MD, EV 97.5 MPH)
|
|
Batting: LHB Andy Van Slyke
|
0-0: Ball 1-0: Fielders Choice at 2nd, 6-4 (Groundball, 6, EV 105.0 MPH)
|
| Top of the 3rd over - 0 runs, 1 hit, 0 errors, 1 left on base; El Paso 0 - Amarillo 0 |
| BOTTOM OF THE 3RD |
|
Amarillo Gold Sox batting - Pitching for El Paso Chihuahuas : LHP Danny Arizola
|
|
Batting: LHB Timothy Hickerson
|
0-0: Ball 1-0: Ball 2-0: Foul Ball, location: 2F 2-1: Foul Ball, location: 2F 2-2: Foul Ball, location: 2F 2-2: Foul Ball, location: 2F 2-2: Strikes out swinging
|
|
Batting: LHB Tom Sohns
|
0-0: Called Strike 0-1: Fly out, F7 (Flyball, 7D, EV 102.5 MPH)
|
|
Batting: LHB George Hill
|
0-0: Called Strike 0-1: Ball 1-1: Ball 2-1: Ball 3-1: Foul Ball, location: 2F 3-2: Ground out 4-3 (Groundball, 4, EV 78.1 MPH)
|
| Bottom of the 3rd over - 0 runs, 0 hits, 0 errors, 0 left on base; El Paso 0 - Amarillo 0 |
| TOP OF THE 4TH |
|
El Paso Chihuahuas batting - Pitching for Amarillo Gold Sox : RHP Stew Cliburn
|
|
Batting: LHB Robert Schuster
|
0-0: SINGLE (Flyball, 7LS, EV 97.5 MPH)
|
|
Batting: RHB Steven Murray
|
0-0: Ball 1-0: Called Strike 1-1: Called Strike 1-2: Ground out 4-3 (Groundball, 4M, EV 103.8 MPH) Robert Schuster to second
|
|
Batting: LHB Dan Murphy
|
0-0: Ball 1-0: Ball 2-0: Called Strike 2-1: Fly out, F9 (Flyball, 9, EV 81.9 MPH)
|
|
Batting: SHB Jose Moreno
|
0-0: Ball 1-0: Ball 2-0: Ball 3-0: Called Strike 3-1: Ground out 5-3 (Groundball, 56, EV 103.1 MPH)
|
| Top of the 4th over - 0 runs, 1 hit, 0 errors, 1 left on base; El Paso 0 - Amarillo 0 |
| BOTTOM OF THE 4TH |
|
Amarillo Gold Sox batting - Pitching for El Paso Chihuahuas : LHP Danny Arizola
|
|
Batting: SHB Mike Felder
|
0-0: Ball 1-0: Ground out 5-3 (Groundball, 56S, EV 68.1 MPH)
|
|
Batting: RHB J.P. Pierson
|
0-0: Foul Ball, location: 2F 0-1: Swinging Strike 0-2: Foul Ball, location: 2F 0-2: Ground out 4-3 (Groundball, 4, EV 79.4 MPH)
|
|
Batting: RHB Todd Smith
|
0-0: Fly out, F8 (Flyball, 78XD, EV 107.5 MPH)
|
| Bottom of the 4th over - 0 runs, 0 hits, 0 errors, 0 left on base; El Paso 0 - Amarillo 0 |
| TOP OF THE 5TH |
|
El Paso Chihuahuas batting - Pitching for Amarillo Gold Sox : RHP Stew Cliburn
|
|
Batting: RHB Darnell Coles
|
0-0: Ball 1-0: Ground out 6-3 (Groundball, 6M, EV 106.3 MPH)
|
|
Batting: RHB Barry Brunenkant
|
0-0: Foul Ball, location: 2F 0-1: Swinging Strike 0-2: Ball 1-2: SINGLE (Line Drive, 9S, EV 91.3 MPH)
|
|
Batting: LHB Mike Cole
|
0-0: Swinging Strike 0-1: Foul Ball, location: 2F 0-2: Fly out, F7 (Flyball, 7, EV 92.5 MPH)
|
|
Batting: RHB Dick C Schofield
|
0-0: Foul Ball, location: 2F 0-1: Ball 1-1: Foul Ball, location: 2F 1-2: Fly out, F8 (Line Drive, 8RM, EV 88.8 MPH)
|
| Top of the 5th over - 0 runs, 1 hit, 0 errors, 1 left on base; El Paso 0 - Amarillo 0 |
| BOTTOM OF THE 5TH |
|
Amarillo Gold Sox batting - Pitching for El Paso Chihuahuas : LHP Danny Arizola
|
|
Batting: RHB Adam Veldman
|
0-0: Ball 1-0: Called Strike 1-1: Ball 2-1: Ground out 5-3 (Groundball, 5S, EV 66.9 MPH)
|
|
Batting: LHB Hector Arroyo
|
0-0: Called Strike 0-1: Ball 1-1: Fly out, F5 (Popup, 25F, EV 86.9 MPH)
|
|
Batting: RHB Vic Alvarado
|
0-0: Called Strike 0-1: Ball 1-1: Ball 2-1: Ball 3-1: Base on Balls
|
|
Batting: LHB Timothy Hickerson
|
0-0: Fly out, F9 (Flyball, 89D, EV 103.1 MPH)
|
| Bottom of the 5th over - 0 runs, 0 hits, 0 errors, 1 left on base; El Paso 0 - Amarillo 0 |
| TOP OF THE 6TH |
|
El Paso Chihuahuas batting - Pitching for Amarillo Gold Sox : RHP Stew Cliburn
|
|
Batting: LHB Andy Van Slyke
|
0-0: Swinging Strike 0-1: Swinging Strike 0-2: Ball 1-2: Strikes out looking
|
|
Batting: LHB Robert Schuster
|
0-0: Called Strike 0-1: Swinging Strike 0-2: Strikes out swinging
|
|
Batting: RHB Steven Murray
|
0-0: Ball 1-0: Swinging Strike 1-1: Ball 2-1: Foul Ball, location: 2F 2-2: Strikes out looking
|
| Top of the 6th over - 0 runs, 0 hits, 0 errors, 0 left on base; El Paso 0 - Amarillo 0 |
| BOTTOM OF THE 6TH |
|
Amarillo Gold Sox batting - Pitching for El Paso Chihuahuas : LHP Danny Arizola
|
|
Batting: LHB Tom Sohns
|
0-0: Ball 1-0: Ball 2-0: Called Strike 2-1: Foul Ball, location: 2F 2-2: Strikes out swinging
|
|
Batting: LHB George Hill
|
0-0: Ball 1-0: Called Strike 1-1: Ground out 4-3 (Groundball, 4, EV 78.1 MPH)
|
|
Batting: SHB Mike Felder
|
0-0: Ball 1-0: Ball 2-0: SINGLE (Line Drive, 6D, EV 105.0 MPH)
|
|
Batting: RHB J.P. Pierson
|
0-0: Ball 1-0: Called Strike 1-1: Ground out 4-3 (Groundball, 4, EV 85.6 MPH)
|
| Bottom of the 6th over - 0 runs, 1 hit, 0 errors, 1 left on base; El Paso 0 - Amarillo 0 |
| TOP OF THE 7TH |
|
El Paso Chihuahuas batting - Pitching for Amarillo Gold Sox : RHP Stew Cliburn
|
|
Batting: LHB Dan Murphy
|
0-0: Ball 1-0: Swinging Strike 1-1: Ball 2-1: Foul Ball, location: 2F 2-2: Foul Ball, location: 2F 2-2: Ball 3-2: Foul Ball, location: 2F 3-2: Ground out U3 (Groundball, 34, EV 81.3 MPH)
|
|
Pitching: LHP Mark Mercer
|
|
|
Batting: SHB Jose Moreno
|
0-0: Ball 1-0: Ball 2-0: Called Strike 2-1: Ball 3-1: SINGLE (Line Drive, 6MD, EV 98.1 MPH)
|
|
Batting: RHB Darnell Coles
|
0-0: Foul Ball, location: 2F 0-1: Foul Ball, location: 2F 0-2: Strikes out swinging
|
|
Batting: RHB Barry Brunenkant
|
0-0: Ground out 4-3 (Groundball, 4, EV 88.1 MPH)
|
| Top of the 7th over - 0 runs, 1 hit, 0 errors, 1 left on base; El Paso 0 - Amarillo 0 |
| BOTTOM OF THE 7TH |
|
Amarillo Gold Sox batting - Pitching for El Paso Chihuahuas : LHP Danny Arizola
|
|
Batting: RHB Todd Smith
|
0-0: Swinging Strike 0-1: Ground out 6-3 (Groundball, 6, EV 86.3 MPH)
|
|
Batting: RHB Adam Veldman
|
0-0: Called Strike 0-1: Ball 1-1: DOUBLE (Flyball, 8LXD, EV 105.6 MPH)
|
|
Batting: LHB Hector Arroyo
|
0-0: Ball 1-0: Called Strike 1-1: Foul Ball, location: 2F 1-2: Foul Ball, location: 2F 1-2: Foul Ball, location: 2F 1-2: Strikes out swinging
|
|
Batting: RHB Vic Alvarado
|
0-0: Ground out 4-3 (Groundball, 4S, EV 90.0 MPH)
|
| Bottom of the 7th over - 0 runs, 1 hit, 0 errors, 1 left on base; El Paso 0 - Amarillo 0 |
| TOP OF THE 8TH |
|
El Paso Chihuahuas batting - Pitching for Amarillo Gold Sox : LHP Mark Mercer
|
|
Batting: LHB Mike Cole
|
0-0: Ball 1-0: Ball 2-0: Ground out 6-3 (Groundball, 6, EV 108.8 MPH)
|
|
Batting: RHB Dick C Schofield
|
0-0: Ball 1-0: Fly out, F7 (Flyball, 78S, EV 86.3 MPH)
|
|
Batting: LHB Andy Van Slyke
|
0-0: Called Strike 0-1: Ball 1-1: Called Strike 1-2: Foul Ball, location: 2F 1-2: Strikes out swinging
|
| Top of the 8th over - 0 runs, 0 hits, 0 errors, 0 left on base; El Paso 0 - Amarillo 0 |
| BOTTOM OF THE 8TH |
|
Amarillo Gold Sox batting - Pitching for El Paso Chihuahuas : LHP Danny Arizola
|
|
Batting: LHB Timothy Hickerson
|
0-0: Called Strike 0-1: SINGLE (Line Drive, 78M, EV 97.5 MPH)
|
|
Batting: LHB Tom Sohns
|
0-0: Bunted foul 0-1: Bunt missed! 0-2: Ball 1-2: Ball 2-2: Ball 3-2: Fly out, F7 (Flyball, 7, EV 91.3 MPH)
|
|
Batting: LHB George Hill
|
0-0: Ball 1-0: Ball 2-0: Swinging Strike 2-1: Ball 3-1: Sac Bunt to 15 - play at first, batter OUT! 1-4 Timothy Hickerson to second
|
|
Batting: SHB Mike Felder
|
0-0: Ball 1-0: Ball 2-0: SINGLE (Groundball, 56, EV 90.0 MPH) (infield hit) Timothy Hickerson to third
|
|
Batting: RHB J.P. Pierson
|
0-0: Ground out 4-3 (Groundball, 4, EV 99.4 MPH)
|
| Bottom of the 8th over - 0 runs, 2 hits, 0 errors, 2 left on base; El Paso 0 - Amarillo 0 |
| TOP OF THE 9TH |
|
El Paso Chihuahuas batting - Pitching for Amarillo Gold Sox : LHP Mark Mercer
|
|
Pitching: RHP Charles Schupp
|
|
|
Batting: LHB Robert Schuster
|
0-0: Called Strike 0-1: Fly out, F7 (Line Drive, 7D, EV 100.6 MPH)
|
|
Batting: RHB Steven Murray
|
0-0: Called Strike 0-1: Foul Ball, location: 2F 0-2: Foul Ball, location: 2F 0-2: Fly out, F7 (Flyball, 78D, EV 75.6 MPH)
|
|
Batting: LHB Dan Murphy
|
0-0: Ball 1-0: Called Strike 1-1: Ground out 4-3 (Groundball, 4, EV 90.6 MPH)
|
| Top of the 9th over - 0 runs, 0 hits, 0 errors, 0 left on base; El Paso 0 - Amarillo 0 |
| BOTTOM OF THE 9TH |
|
Amarillo Gold Sox batting - Pitching for El Paso Chihuahuas : LHP Danny Arizola
|
|
Batting: RHB Todd Smith
|
0-0: Called Strike 0-1: Ground out 2-3 (Groundball, 15S, EV 66.3 MPH)
|
|
Batting: RHB Adam Veldman
|
0-0: Called Strike 0-1: Called Strike 0-2: Foul Ball, location: 2F 0-2: Ball 1-2: Ball 2-2: Foul Ball, location: 2F 2-2: Fly out, F9 (Flyball, 9LS, EV 85.0 MPH)
|
|
Pinch Hitting: RHB Paul Zuvella
|
0-0: Ball 1-0: Fly out, F8 (Flyball, 8LD, EV 98.1 MPH)
|
| Bottom of the 9th over - 0 runs, 0 hits, 0 errors, 0 left on base; El Paso 0 - Amarillo 0 |
| TOP OF THE 10TH |
|
El Paso Chihuahuas batting - Pitching for Amarillo Gold Sox : RHP Charles Schupp
|
|
Now at SS: Paul Zuvella
|
|
|
Batting: SHB Jose Moreno
|
0-0: Ball 1-0: Ball 2-0: Ball 3-0: Called Strike 3-1: DOUBLE (Groundball, 3L, EV 106.9 MPH)
|
|
Pinch Hitting: LHB Mark Salas
|
0-0: Intentional Walk
|
|
Pinch Hitting: RHB Jesse Vann
|
0-0: Called Strike 0-1: Foul Ball, location: 2F 0-2: Foul Ball, location: 2F 0-2: Foul Ball, location: 2F 0-2: Ball 1-2: Foul Ball, location: 2F 1-2: Foul Ball, location: 2F 1-2: Foul Ball, location: 2F 1-2: Foul Ball, location: 2F 1-2: Foul Ball, location: 2F 1-2: Ball 2-2: Ball 3-2: Ground out 3-1 (Groundball, 34S, EV 86.9 MPH) Jose Moreno to third Mark Salas to second
|
|
Batting: LHB Mike Cole
|
0-0: Intentional Walk
|
|
Batting: RHB Dick C Schofield
|
0-0: Called Strike 0-1: Foul Ball, location: 2F 0-2: Foul Ball, location: 2F 0-2: Ball 1-2: SINGLE (Groundball, 56, EV 103.1 MPH) Jose Moreno scores Mark Salas to third Mike Cole to second Runner from 3rd tries for Home, SAFE, throw by LF to home
|
|
Now in LF: Glenn Arnett
|
|
|
Batting: LHB Andy Van Slyke
|
0-0: Ball 1-0: Ball 2-0: Called Strike 2-1: Foul Ball, location: 2F 2-2: Ball 3-2: Fielders Choice at 2nd, 3-6 (Groundball, 34, EV 90.6 MPH) Mike Cole to third
|
|
Batting: LHB Robert Schuster
|
0-0: Ball 1-0: Called Strike 1-1: Ball 2-1: Swinging Strike 2-2: Strikes out swinging
|
| Top of the 10th over - 2 runs, 2 hits, 0 errors, 2 left on base; El Paso 2 - Amarillo 0 |
| BOTTOM OF THE 10TH |
|
Amarillo Gold Sox batting - Pitching for El Paso Chihuahuas : LHP Danny Arizola
|
|
Now at C: Mark Salas
|
|
|
Now at 1B: Joe Hicks
|
|
|
Now at 3B: William Parmenter
|
|
|
Now in RF: Manny Guerrero
|
|
|
Batting: RHB Vic Alvarado
|
0-0: Ball 1-0: Swinging Strike 1-1: Foul Ball, location: 2F 1-2: Foul Ball, location: 2F 1-2: Strikes out swinging
|
|
Batting: LHB Timothy Hickerson
|
0-0: Ground out U3 (Groundball, 3, EV 86.3 MPH)
|
|
Batting: LHB Tom Sohns
|
0-0: Called Strike 0-1: Fly out, F8 (Flyball, 8LD, EV 100.6 MPH)
|
| Bottom of the 10th over - 0 runs, 0 hits, 0 errors, 0 left on base; El Paso 2 - Amarillo 0 |
|